 Dungeon Crawl Stone Soup version 0.27-a0-1281-ge233d83751 (webtiles) character file.

Game seed: 17788004744352161595

26 Anathary the Sneak (level 2, 0/15 HPs)
             Began as a Spriggan Brigand on June 14, 2021.
             Slain by a goblin (4 damage)
             ... led by Robin
             ... on level 2 of the Dungeon.
             The game lasted 00:07:36 (1232 turns).

Anathary the Sneak (Spriggan Brigand)               Turns: 1232, Time: 00:07:36

Health: 0/15       AC:  3    Str:  7    XL:     2   Next: 89%
Magic:  3/3        EV: 16    Int: 12    God:
Gold:   83         SH:  0    Dex: 16    Spells: 0/1 levels left

rFire    . . .     SeeInvis +   j - +2 dagger (elec)
rCold    . . .     Faith    .   (shield restricted)
rNeg     . . .     Spirit   .   b - +0 robe
rPois    .         Reflect  .   (helmet restricted)
rElec    .         Harm     .   c - +0 cloak
rCorr    .         Rampage  .   (gloves unavailable)
Will     .....                  (boots unavailable)
Stlth    ++++......             (no amulet)
HPRegen  0.05/turn              (no ring)
MPRegen  0.08/turn              (no ring)

@: very quick
A: very small, no large weapons, unfitting armour, see invisible, speed 3
a: no special abilities


You were on level 2 of the Dungeon.
You visited 1 branch of the dungeon, and saw 2 of its levels.

You collected 83 gold pieces.

Inventory:

Hand Weapons
 j - a +2 dagger of electrocution (weapon)
Missiles
 d - 30 poisoned darts (quivered)
 e - 2 curare-tipped darts
Armour
 b - a +0 robe (worn)
 c - a +0 cloak (worn)
Scrolls
 h - a scroll of noise {unknown}
Potions
 f - 2 potions of attraction {unknown}
 g - a potion of ambrosia {unknown}
 i - a potion of haste {unknown}


   Skills:
 + Level 1.7 Fighting
 + Level 2.4 Short Blades
 + Level 2.0 Throwing
 + Level 1.4 Dodging
 + Level 7.0 Stealth


You couldn't memorise any spells.
You knew the following spells:

 Your Spells              Type           Power      Damage    Failure   Level
a - Magic Dart            Conj           0%         1d3       32%         1

Your spell library contained the following spells:

 Spells                   Type           Power      Damage    Failure   Level
 Blink                    Tloc           N/A        N/A       45%         2
 Call Imp                 Summ           0%         N/A       45%         2
 Slow                     Hex            0%         N/A       45%         2
 Conjure Flame            Conj/Fire      0%         6-21      69%         3
 Mephitic Cloud           Conj/Pois/Air  0%         N/A       69%         3


Dungeon Overview and Level Annotations

Branches:
Dungeon (2/15)

Altars:

Annotations:
D:2 Robin


Innate Abilities, Weirdness & Mutations

You are very small and have problems with some larger weapons.
You are too small for most types of armour.
You have supernaturally acute eyesight. (SInv)
You cover ground extremely quickly. (Speed+++)


Message History

The hobgoblin shouts!
The goblin shouts!
You hit the goblin. Lightning courses through the goblin!
You kill the goblin!
Your Stealth skill increases to level 7!
You barely miss the ball python. The ball python misses you. x2
A goblin comes into view. It is wielding a +0 club.
The goblin shouts!
You hit the ball python.
Lightning courses through the ball python!!
You kill the ball python!
The goblin unwields a +0 club.
The goblin wields a +0 hunting sling.
The goblin shoots a stone.
The stone hits you.
The goblin unwields a +0 hunting sling.
The goblin wields a +0 club.
The goblin hits you with a +0 club.
You see here a +0 club.
You hit the goblin.
The goblin is moderately wounded.
A goblin comes into view. It is wielding a +0 dagger.
You barely miss the goblin.
The goblin is moderately wounded.
The goblin barely misses you. Robin throws the goblin at you!
You closely miss the goblin.
The goblin is moderately wounded.
The goblin closely misses you. x2
You hit the goblin.
The goblin is severely wounded.
The goblin closely misses you.
You closely miss the goblin.
The goblin is severely wounded.
The goblin misses you. The goblin closely misses you.
You closely miss the goblin.
The goblin is severely wounded.
The goblin misses you.
A goblin comes into view. It is wielding a +0 dagger.
The goblin hits you with a +0 club.
* * * LOW HITPOINT WARNING * * *
You closely miss the goblin.
The goblin is severely wounded.
The goblin hits you with a +0 club.
You die...

#.# #.### ##.## #.#.##
###...##########....####
.......................+
###...######.........###
#.#.## #.###.#.#.#
#.###.## #.##...##.# #.#
##.## #.#.#g#.# # .#
##.# #.#.#@#.# #.# ##.##
#.# #g# # #.###.## #.#


ggg #.#.## ..... #†## ###g### #.# #.# #.# #.g ####.# ### .....# You could see
Robin, a hobgoblin and 5 goblins.

Vanquished Creatures
  An endoplasm (D:1)
  A giant cockroach (D:1)
  6 goblins
  2 hobgoblins
  4 kobolds
  A quokka (D:1)
  5 ball pythons
  A bat (D:1)
  2 frilled lizards
  3 rats (D:1)
26 creatures vanquished.

Notes
Turn   | Place    | Note
-------+----------+-------------------------------------------
     0 | D:1      | Anathary the Spriggan Brigand began the quest for the Orb.
     0 | D:1      | Reached XP level 1. HP: 10/10 MP: 2/2
    45 | D:1      | Noticed an eye of devastation
    48 | D:1      | Found a faded altar of an unknown god.
    50 | D:1      | Noticed a shining eye
    65 | D:1      | Reached skill level 6 in Stealth
   177 | D:1      | Noticed a great orb of eyes
   177 | D:1      | Noticed a golden eye
   417 | D:1      | Reached XP level 2. HP: 15/15 MP: 3/3
   658 | D:1      | Learned a level 1 spell: Magic Dart
  1221 | D:2      | Noticed Robin
  1223 | D:2      | Reached skill level 7 in Stealth
  1232 | D:2      | Slain by a goblin

Illustrated notes

Levels and vault maps discovered:
D:1:      shiori_shiawase, layout_rooms, hellmonk_ecumenical_altar_watching_god
D:2:      layout_loops_corners, basic_altar, uniq_robin

Skill      XL: |  1  2 |
---------------+-------+-----
Stealth        | 6 7 |  7.0
Fighting       | |  1.7
Short Blades   | |  2.4
Throwing       | |  2.0
Dodging        | |  1.4

Action                   || total
-------------------------++-------
Melee: Dagger            ||    71
 Cast: Magic Dart        ||     6
 Stab: Sleeping          ||     1
Armor: Robe              ||     4
Dodge: Dodged            ||    49

Table legend: (Time is in decaauts)
 A = Elapsed time spent in this place.
 B = Non-inter-level travel time spent in this place.
 C = Inter-level travel time spent in this place.
 D = Time resting spent in this place.
 E = Time spent auto-exploring this place.
 F = Levels seen in this place.
 G = Mean time per level.
                   A        B        C        D        E       F      G
               +--------+--------+--------+--------+--------+-----+--------+
         Total |   1010 |    993 |     17 |    575 |     95 |   2 |  505.0 |
       Dungeon |   1010 |    993 |     17 |    575 |     95 |   2 |  505.0 |
               +--------+--------+--------+--------+--------+-----+--------+

Top non-repeatable levels by time:
     D:1: 950 daAuts
     D:2: 60 daAuts
